 Dungeon Sprint DCSS version 0.28.0-53-g5a82cb258f (webtiles) character file.

Game seed: 8342397550709533697

949 Zeld the Thaumaturge (level 7, -21/36 HPs)
             Began as a Deep Elf Conjurer on May 28, 2022.
             Was an Initiate of Gozag.
             Demolished by a tyrant leech (25 damage)
             ... in the Dungeon (Sprint VII: "The Pits").
             The game lasted 00:02:51 (1549 turns).

Zeld the Thaumaturge (Deep Elf Conjurer)            Turns: 1549, Time: 00:02:52

Health: -21/36     AC:  2    Str:  4    XL:     7   Next: 90%
Magic:  2/26       EV: 15    Int: 25    God:    Gozag
Gold:   997        SH:  0    Dex: 13    Spells: 23/34 levels left

rFire   . . .      SeeInvis .   a - +2 quarterstaff
rCold   . . .      Faith    .   (shield currently unavailable)
rNeg    . . .      Spirit   .   h - +0 robe
rPois   .          Reflect  .   (no helmet)
rElec   .          Harm     .   (no cloak)
rCorr   .          Rampage  .   (no gloves)
Will    .....      NoTele   +   (no boots)
Stlth   ++........              (no amulet)
HPRegen 0.12/turn               (no ring)
MPRegen 0.20/turn               (no ring)

@: no status effects
A: no striking features
a: Renounce Religion, Potion Petition, Call Merchant, Bribe Branch


You were in the Dungeon.
You worshipped Gozag.
Gozag was pleased with you.
You visited 1 branch You collected 1746 gold pieces.
You paid 749 gold pieces to Gozag.

Inventory:

Hand Weapons
 a - a +2 quarterstaff (weapon)
Armour
 h - a +0 robe (worn)
Scrolls
 g - a scroll of blinking
 j - 5 scrolls of amnesia
Potions
 b - 6 potions of curing
 c - 6 potions of heal wounds
 d - a potion of haste
 e - 4 potions of magic
 f - 3 potions of berserk rage
 i - 2 potions of invisibility


   Skills:
 - Level 8.0 Dodging
 - Level 2.4 Stealth
 - Level 14.0 Spellcasting
 * Level 13.5 Conjurations
 - Level 2.0 Hexes
 - Level 2.0 Translocations


You had 23 spell levels left.
You knew the following spells:

 Your Spells              Type           Power      Damage    Failure   Level
a - Magic Dart            Conj           100%       1d8       0%          1
b - Searing Ray           Conj           100%       2d8       1%          2
c - Fulminant Prism       Conj/Hex       27%        3d14      1%          4
d - Iskenderun's Mystic   Conj/Tloc      54%        2d12      1%          4

Your spell library contained the following spells:

 Spells                   Type           Power      Damage    Failure   Level
 Dazzling Flash           Conj/Hex       100%       N/A       1%          3


Dungeon Overview and Level Annotations

Branches:
Dungeon (1/1)

Altars:
Ashenzari
Cheibriados
Dithmenos
Elyvilon
Fedhas
Gozag
Hepliaklqana
Kikubaaqudgha
Makhleb
Nemelex Xobeh
Okawaru
Qazlal
Ru
Sif Muna
Trog
Uskayaw
Vehumet
Wu Jian
Xom
Yredelemnul
Zin
The Shining One
Beogh
Jiyva
Lugonu

Shops:
D :


Message History

The tyrant leech is severely wounded. (Press . to maintain the ray.) Unknown command.
Unknown command.
Casting: Searing Ray (safe; 1% risk of failure)
Confirm with . or Enter, or press ? or * to list all spells.
You erupt in a blast of force!
The mystic blast hits the tyrant leech!
The tyrant leech is severely wounded.
Unknown command.
Casting: Iskenderun's Mystic Blast (dangerous; 1% risk of failure)
Confirm with . or Enter, or press ? or * to list all spells.
You erupt in a blast of force!
The mystic blast hits the tyrant leech but does no damage.
The tyrant leech is severely wounded.
The tyrant leech bites you!!
Ouch! That really hurt!
* * * LOW HITPOINT WARNING * * *
The tyrant leech draws strength from your injuries!
Casting: Iskenderun's Mystic Blast (dangerous; 1% risk of failure)
Confirm with . or Enter, or press ? or * to list all spells.
You erupt in a blast of force!
The mystic blast hits the tyrant leech.
The tyrant leech is severely wounded.
The tyrant leech is knocked back by the mystic blast.
Unknown command.
Unknown command.
Casting: Iskenderun's Mystic Blast (dangerous; 1% risk of failure)
Confirm with . or Enter, or press ? or * to list all spells.
Aiming: Searing Ray (safe; 1% risk of failure)
Press: ? - help, Shift-Dir - straight line, f/p - tyrant leech
Aim: a tyrant leech (severely wounded, 72% to hit)
The searing ray hits the tyrant leech.
The tyrant leech is almost dead. (Press . to maintain the ray.) Unknown command.
The searing ray hits the tyrant leech!
The tyrant leech is almost dead.
The tyrant leech bites you!!
Ouch! That really hurt!
You die...
Your body crumbles into a pile of gold.

#.#..'..'..#####'#####++
#)##'####'###.......#
#.#........##.......#
#)#........##.......#
#.#####'#####...<...#
#)#..[)))..##.......#
#.#..[)))..##.......#
#)###########.......#
#.......#@.##########
#...#...#w## #...#...#.#
#.##.##.#'#
#...#...#.'...k+
#...#...#'#....#
#......∩'.#....#
########### ####


You could see a tyrant leech.

Vanquished Creatures
  A flying skull (D)
  A fire bat (D)
  A floating eye (D)
  A necrophage (D)
  A crimson imp (D)
  A quasit (D)
  A hound (D)
  An orc priest (D)
  4 orc wizards (D)
  A mummy (D)
  An adder (D)
  A river rat (D)
  A white imp (D)
  An ufetubus (D)
  4 orcs (D)
  An endoplasm (D)
  3 hobgoblins (D)
  4 jackals (D)
  2 frilled lizards (D)
31 creatures vanquished.

Vanquished Creatures (collateral kills)
  A large abomination (D)
1 creature vanquished.

Grand Total: 32 creatures vanquished

Notes
Turn   | Place    | Note
-------+----------+-------------------------------------------
     0 | D        | Zeld the Deep Elf Conjurer began the quest for the Orb.
     0 | D        | Reached XP level 1. HP: 10/10 MP: 6/6
    15 | D        | Reached skill level 4 in Spellcasting
    15 | D        | Reached skill level 5 in Conjurations
    15 | D        | Reached XP level 2. HP: 15/15 MP: 1/9
    18 | D        | Learned a level 2 spell: Searing Ray
    86 | D        | Found a bloodstained altar of Trog.
    86 | D        | Found a shimmering blue altar of Sif Muna.
    86 | D        | Found a viscous altar of Jiyva.
    86 | D        | Found a hazy altar of Hepliaklqana.
    86 | D        | Found an opulent altar of Gozag.
    87 | D        | Found a glowing golden altar of the Shining One.
    87 | D        | Found a glowing silver altar of Zin.
    87 | D        | Found a basalt altar of Yredelemnul.
    87 | D        | Found a shimmering altar of Xom.
    87 | D        | Found an ornate altar of the Wu Jian Council.
    87 | D        | Found a sacrificial altar of Ru.
    87 | D        | Found a stormy altar of Qazlal.
    87 | D        | Found an iron altar of Okawaru.
    87 | D        | Found a sparkling altar of Nemelex Xobeh.
    87 | D        | Found a burning altar of Makhleb.
    87 | D        | Found a blossoming altar of Fedhas.
    87 | D        | Found a white marble altar of Elyvilon.
    87 | D        | Found a shadowy altar of Dithmenos.
    87 | D        | Found a snail-covered altar of Cheibriados.
    88 | D        | Found a radiant altar of Vehumet.
    88 | D        | Found a corrupted altar of Lugonu.
    89 | D        | Found an ancient bone altar of Kikubaaqudgha.
    89 | D        | Found a hide-covered altar of Uskayaw.
    89 | D        | Found a broken altar of Ashenzari.
    91 | D        | Became a worshipper of Gozag Ym Sagoz the Greedy
   201 | D        | Reached skill level 5 in Spellcasting
   417 | D        | Noticed a floating eye
   419 | D        | Reached XP level 3. HP: 19/19 MP: 9/12
   420 | D        | Killed a floating eye
   421 | D        | Reached skill level 5 in Dodging
   421 | D        | Reached skill level 8 in Spellcasting
   421 | D        | Reached XP level 4. HP: 24/24 MP: 6/16
   575 | D        | Reached XP level 5. HP: 28/28 MP: 15/18
   579 | D        | Reached skill level 9 in Spellcasting
   737 | D        | Learned a level 4 spell: Fulminant Prism
   742 | D        | Learned a level 4 spell: Iskenderun's Mystic Blast
   802 | D        | Reached skill level 1 in Hexes
   802 | D        | Reached skill level 1 in Translocations
   804 | D        | Reached skill level 10 in Spellcasting
   807 | D        | Reached XP level 6. HP: 16/32 MP: 11/21
   815 | D        | Reached skill level 11 in Spellcasting
   815 | D        | Reached skill level 10 in Conjurations
  1261 | D        | Noticed a large abomination
  1270 | D        | Killed a large abomination
  1271 | D        | Reached skill level 12 in Spellcasting
  1271 | D        | Reached XP level 7. HP: 36/36 MP: 16/25
  1438 | D        | Noticed a flying skull
  1438 | D        | Noticed a fire bat
  1440 | D        | Killed a fire bat
  1441 | D        | Reached skill level 14 in Spellcasting
  1442 | D        | Killed a flying skull
  1534 | D        | Noticed a tyrant leech
  1549 | D        | Demolished by a tyrant leech

Illustrated notes

Levels and vault maps discovered:
D:        pitsprint [storerooms_1, entrance_room_1, metal_vault_4, armoury_2,
          mini_pit_1, grid_room_1, main_hall_1, silver_pit, the_coven_2,
          the_vestibule_1, steel_vault_4, golden_pit, hallway_of_sentries,
          crystal_vault_4, iron_vault_3, final_vault]

Skill      XL: |  1  2  3  4  5  6  7 |
---------------+----------------------+-----
Dodging        | 3 4 5 6 8 |  8.0
Spellcasting   | 4 5 8 10 12 14 | 14.0
Conjurations   | 5 6 8 9 11 13 | 13.5
Hexes          | 2 |  2.0
Translocations | 2 |  2.0
Stealth        | |  2.4

Action                   |  1- 3 |  4- 6 |  7- 9 || total
-------------------------+-------+-------+-------++-------
Melee: Quarterstaff      |       |     1 |       ||     1
 Cast: Magic Dart        |     5 |     3 |       ||     8
       Searing Ray       |     5 |     9 |     4 ||    18
       Iskenderun's Myst |       |     2 |     7 ||     9
Invok: Call Merchant     |       |     1 |       ||     1
  Use: Scroll            |       |     1 |       ||     1
Armor: Robe              |       |     1 |       ||     1
Dodge: Dodged            |     3 |     8 |     2 ||    13
